AoeStats
← Maverik

Arabia

510638139Analyzed
1v1 RM · 2d ago on Oct 1, 2026· 61m 38s· 2 players
Game mode
Random Map
Map size
Tiny (2 player)
Population
200
Speed
Normal
Resources
Standard
Victory
Conquest
Starting age
Dark Age
Ending age
Imperial Age
RankedLock teamsTeams togetherTeam positionsShared explorationLock speedFull tech treeHidden civsTurbo modeCheats
Victory
Defeat
🇺🇸 Slavs · United States
885
+17
🇩🇪 Britons · Germany
900
-17
Nazmonator
8:54 Loom
11:16 Feudal Age
12:07 Man-at-Arms
21:00 Castle Age
20:08 Stone Mining
20:00 Horse Collar
20:47 Double-Bit Axe
22:48 Wheelbarrow
23:03 Crossbowman
27:18 Fletching
31:47 Forging
31:38 Scale Mail Armor
34:15 Scale Barding Armor
34:29 Hand Cart
36:58 Bow Saw
36:52 Heavy Plow
38:11 Chain Barding Armor
41:47 Imperial Age
39:53 Gold Mining
40:14 Detinets
40:55 Iron Casting
40:34 Bloodlines
41:00 Ballistics
41:21 Husbandry
41:27 Padded Archer Armor
40:50 Elite Skirmisher
40:53 Pikeman
41:55 Murder Holes
43:05 Conscription
43:12 Light Cavalry
45:01 Hussar
46:33 Plate Barding Armor
48:54 Chemistry
50:00 Two-Man Saw
53:33 Leather Archer Armor
53:14 Bodkin Arrow
52:46 Halberdier
54:17 Elite Boyar
56:57 Ring Archer Armor
59:16 Blast Furnace
58:32 Chain Mail Armor
59:30 Druzhina
58:53 Cavalier
Maverik
8:14 Loom
10:25 Feudal Age
14:35 Town Watch
17:55 Castle Age
16:43 Fletching
25:38 Bodkin Arrow
27:17 Forging
29:20 Padded Archer Armor
34:10 Yeomen
34:56 Ballistics
39:42 Leather Archer Armor
45:18 Imperial Age
45:06 Wheelbarrow
46:30 Bracer
47:25 Ring Archer Armor
47:45 Conscription
49:34 Chemistry
50:16 Scale Mail Armor
52:21 Light Cavalry
59:45 Husbandry
59:51 Squires
59:13 Pikeman
Connection lost

Rejoining the realm…

Still unreachable

The connection could not be restored.

Session expired

The server has moved on; the page needs a fresh start.